 Dungeon Crawl Stone Soup version 0.30-b1-2-g02819fbbbe (webtiles) character file.

Game seed: 4592126371937801575

147 tilp the Sneak (level 5, -9/38 HPs)
             Began as a Vampire Enchanter on May 12, 2023.
             Killed by divine providence
             ... invoked by an orc priest
              (14 damage)
             ... on level 4 of the Dungeon.
             The game lasted 00:04:22 (3047 turns).

tilp the Sneak (Vampire Enchanter)                  Turns: 3047, Time: 00:04:22

Health: -9/38      AC:  4    Str: 13    XL:     5   Next: 7%
Magic:  4/9        EV: 13    Int: 20    God:
Gold:   248        SH:  0    Dex: 14    Spells: 1/9 levels left

rFire   . . .        a - +2 dagger
rCold   . . .        (no shield)
rNeg    . . .        b - +0 robe
rPois   .            p - +2 hat
rElec   .            (no cloak)
rCorr   .            (no gloves)
SInv    +            (no boots)
Will    .....        (no amulet)
Stlth   +            k - +6 ring of strength
HPRegen 0.46/turn    (no ring)
MPRegen 0.11/turn

%: no passive effects
@: confused, healing quickly, invisible
A: alive, fangs 3, see invisible, vampiric 2
a: Exsanguinate


You were on level 4 of the Dungeon.
You visited 1 branch of the dungeon, and saw 4 of its levels.

You collected 248 gold pieces.

Inventory:

Hand Weapons
 a - a +2 dagger (weapon)
Missiles
 e - 36 stones
 g - 3 poisoned darts (quivered)
 i - 10 boomerangs
Armour
 b - a +0 robe (worn)
 p - a +2 hat (worn)
Jewellery
 h - a ring of poison resistance
 k - a +6 ring of strength (left hand)
Scrolls
 m - 2 scrolls of enchant weapon
 s - 2 scrolls of teleportation
Potions
 c - a potion of invisibility
 d - a potion of resistance
 f - a potion of mutation
 j - a potion of heal wounds {unknown}
 l - 2 potions of curing
 n - a potion of brilliance {unknown}
 o - a potion of ambrosia {unknown}


   Skills:
 * Level 2.0 Fighting
 + Level 2.0 Short Blades
 + Level 2.9 Dodging
 + Level 5.3 Stealth
 * Level 2.8 Spellcasting
 + Level 5.0 Hexes


You had one spell level left.
You knew the following spells:

 Your Spells              Type           Power      Damage    Failure   Level
a - Ensorcelled Hibernat  Hex/Ice        24%        N/A       8%          2
b - Confusing Touch       Hex            23%        N/A       5%          3
c - Tukima's Dance        Hex            23%        N/A       5%          3

Your spell library contained the following spells:

 Spells                   Type           Power      Damage    Failure   Level
 Magic Dart               Conj           8%         1d3       14%         1
 Dazzling Flash           Conj/Hex       24%        N/A       16%         3
 Blink                    Tloc           4%         N/A       22%         2
 Call Imp                 Summ           4%         N/A       22%         2
 Lesser Beckoning         Tloc           4%         N/A       22%         2
 Momentum Strike          Conj/Tloc      4%         3d8       22%         2
 Mephitic Cloud           Conj/Pois/Air  2%         N/A       41%         3


Dungeon Overview and Level Annotations

Branches:
Dungeon (4/15)
 Temple: D:4-7

Altars:


Innate Abilities, Weirdness & Mutations

Your natural rate of healing is accelerated.
You have razor-sharp teeth.
You have supernaturally acute eyesight. (SInv)
You are afflicted with vampirism and can become a bat while bloodless.


Message History

Aiming: Ensorcelled Hibernation (safe; 8% risk of failure)
Press: ? - help, Shift-Dir - straight line, f - orc wizard
Aim: an orc wizard, wielding a +0 dagger and wearing a +0 robe (chance to affect: 46%)
The orc wizard resists with some effort.
The orc hits you from afar with a +0 trident of flaming.
* * * LOW HITPOINT WARNING * * *
The orc burns you.
* * * LOW HITPOINT WARNING * * *
The orc wizard hits you but does no damage.
A jackal comes into view.
Unknown command.
Casting: Ensorcelled Hibernation (safe; 8% risk of failure)
Confirm with . or Enter, or press ? or * to list all spells.
Aiming: Ensorcelled Hibernation (safe; 8% risk of failure)
Press: ? - help, Shift-Dir - straight line, f/p - orc wizard
Aim: an orc wizard, wielding a +0 dagger and wearing a +0 robe (chance to affect: 46%)
The orc wizard resists with some effort.
The orc wizard hits you with a +0 dagger.
* * * LOW HITPOINT WARNING * * *
The orc closely misses you.
The orc priest looks encouraged for a moment.
Unknown command.
You feel better.
The orc hits you from afar with a +0 trident of flaming.
* * * LOW HITPOINT WARNING * * *
The orc burns you.
* * * LOW HITPOINT WARNING * * *
The orc wizard barely misses you. The orc priest barely misses you.
Unknown command.
You fade into invisibility!
The orc barely misses you.
The orc wizard points at you and mumbles some strange words.
You are confused.
The orc priest misses you.
Unknown command.
Unknown command.
You bump into the rock wall.
The orc wizard barely misses you.
The orc priest calls down the wrath of Beogh upon you.
Beogh smites you!
You die...

## ....# #.?
...# ....
#..# .<##..#
.....#####
#.oh....##..
#o#hh......


#@ooh# ####o.....o ##....o .... ... .. . You could see a hound, an orc priest
(unable to see you), an orc wizard (unable to see you), 3 orcs and 3 jackals.

Vanquished Creatures
  A hound (D:3)
  4 adders
  2 worms
  A dart slug (D:3)
  7 orcs
  4 ball pythons
  An endoplasm (D:3)
  2 giant cockroaches
  4 goblins
  4 hobgoblins
  2 jackals (D:1)
  4 quokkas
  7 bats
  2 frilled lizards
  9 kobolds
  9 rats
63 creatures vanquished.

Vanquished Creatures (others)
  4 toadstools (D:3)
4 creatures vanquished.

Grand Total: 67 creatures vanquished

Notes
Turn   | Place    | Note
-------+----------+-------------------------------------------
     0 | D:1      | tilp the Vampire Enchanter began the quest for the Orb.
     0 | D:1      | Reached XP level 1. HP: 13/13 MP: 3/3
   123 | D:1      | Reached XP level 2. HP: 20/20 MP: 5/5
   126 | D:1      | Learned a level 2 spell: Ensorcelled Hibernation
   822 | D:2      | Reached skill level 1 in Fighting
   958 | D:2      | Gained mutation: You are afflicted with vampirism and can
                  | become a bat while bloodless. [Vampire growth]
   958 | D:2      | Reached XP level 3. HP: 22/26 MP: 3/6
   965 | D:2      | Learned a level 3 spell: Confusing Touch
  1985 | D:3      | Reached skill level 5 in Stealth
  1985 | D:3      | Reached XP level 4. HP: 6/32 MP: 0/7
  2440 | D:3      | Reached skill level 5 in Hexes
  2493 | D:3      | Reached XP level 5. HP: 38/38 MP: 5/9
  3025 | D:3      | Learned a level 3 spell: Tukima's Dance
  3047 | D:4      | Killed from afar by an orc priest

Illustrated notes

Levels and vault maps discovered:
D:1:      matt_arrival_refuge, layout_basic
D:2:      minmay_alternating_diamond, layout_basic, nrook_uturn
D:3:      layout_loops_ring, minmay_gold_behind_fungi
D:4:      layout_rooms, gammafunk_ghost_gnarly_gnolls, fountainhead,
          uniq_sigmund, uniq_duvessa

Skill      XL: |  1  2  3  4 |
---------------+-------------+-----
Fighting       | 1 2 |  2.0
Stealth        | 5 |  5.3
Hexes          | 5 |  5.0
Short Blades   | 2 |  2.0
Dodging        | |  2.9
Spellcasting   | |  2.8

Action                     |  1- 3 |  4- 6 || total
---------------------------+-------+-------++-------
  Melee: Dagger            |    84 |    37 ||   121
         Bite              |     5 |     3 ||     8
   Cast: Ensorcelled Hiber |    22 |    19 ||    41
    Use: Scroll            |     7 |     4 ||    11
         Potion            |       |     3 ||     3
   Stab: Sleeping          |    28 |    13 ||    41
 Armour: Robe              |    20 |    15 ||    35
  Dodge: Dodged            |    47 |    28 ||    75
